 Dungeon Crawl Stone Soup version 0.24.0-125-gc4c63601f3 (webtiles) character file.

Game seed: 12352264127569625709, levelgen mode: deterministic

197 Peloso the Shield-Bearer (level 5, -5/46 HPs)
             Began as a Minotaur Fighter on Mar 21, 2020.
             Slain by a hippogriff (6 damage)
             ... on level 3 of the Dungeon on Mar 22, 2020.
             The game lasted 00:06:59 (1767 turns).

Peloso the Shield-Bearer (Minotaur Fighter)         Turns: 1767, Time: 00:06:59

Health: -5/46      AC:  7    Str: 20    XL:     5   Next: 46%
Magic:  4/4        EV:  8    Int:  5    God:
Gold:   147        SH: 10    Dex: 11    Spells: 4/4 levels left

rFire    . . .     SeeInvis +   a - +0 long sword
rCold    . . .     Gourm    .   c - +0 shield
rNeg     . . .     Faith    .   b - +0 scale mail
rPois    .         Spirit   .   (helmet restricted)
rElec    .         Reflect  .   (no cloak)
rCorr    .         Harm     .   (no gloves)
MR       .....                  (no boots)
Stlth    ..........             (no amulet)
HPRegen  0.15/turn              g - ring of see invisible
MPRegen  0.09/turn              (no ring)

@: lethally poisoned (-5 -> -10), flying
A: retaliatory headbutt, horns 2
a: no special abilities


You were on level 3 of the Dungeon.
You were not hungry.

You visited 1 branch of the dungeon, and saw 3 of its levels.

You collected 147 gold pieces.

Inventory:

Hand Weapons
 a - a +0 long sword (weapon)
Armour
 b - a +0 scale mail (worn)
 c - a +0 shield (worn)
Jewellery
 g - a ring of see invisible (left hand)
Scrolls
 e - a scroll of fog {unknown}
 i - 4 scrolls of identify {unknown}
 j - a scroll of remove curse {unknown}
 k - a scroll of blinking {unknown}
Potions
 d - a potion of might
 h - a potion of cancellation {unknown}
 l - a potion of flight
 m - a potion of haste {unknown}
 n - a potion of curing {unknown}
 o - a potion of degeneration {unknown}
Comestibles
 f - 4 rations
 p - 2 chunks of flesh


   Skills:
 + Level 4.3 Fighting
 + Level 4.5 Long Blades
 + Level 4.3 Armour
 + Level 1.1 Dodging
 + Level 0.2 Stealth
 + Level 5.1 Shields


You had 4 spell levels left.
You didn't know any spells.
Your spell library was empty.

Dungeon Overview and Level Annotations

Branches:
Dungeon (3/15)

Altars:
Makhleb
Sif Muna


Innate Abilities, Weirdness & Mutations

You reflexively headbutt those who attack you in melee.
You have a pair of horns on your head.


Message History

You hit the hippogriff.
The hippogriff is lightly wounded.
You feel sick. You block the hippogriff's attack. x2
The hippogriff claws you but does no damage.
The jackal bites you. The hippogriff bites you! The hippogriff pecks you.
* * * LOW HITPOINT WARNING * * *
The hippogriff claws you.
* * * LOW HITPOINT WARNING * * *
It was a potion of flight.
You feel very buoyant.
You fly up into the air.
You feel sick.
The jackal bites you but does no damage.
The jackal bites you.
* * * LOW HITPOINT WARNING * * *
The hippogriff bites you.
* * * LOW HITPOINT WARNING * * *
The hippogriff pecks you.
* * * LOW HITPOINT WARNING * * *
The hippogriff claws you.
You die...

#...##....##########
#.........#
##.##....# ##....#
#.....# #.....#
#.##### #####.###
#.H@....# #.h.....#
.. ...........#
....#
#..............
.....
##.#........###
##### # ##.......#
#........ ######
.......... ......
#......... ##...


You could see a hippogriff and a jackal.

Vanquished Creatures
  A hound (D:3)
  Jessica (D:2)
  A worker ant (D:3)
  4 adders
  2 worms
  2 dart slugs
  2 leopard geckos
  3 giant cockroaches
  8 goblins
  10 hobgoblins
  4 jackals (D:3)
  2 quokkas
  2 ball pythons
  16 bats
  7 frilled lizards
  4 kobolds
  3 rats
72 creatures vanquished.

Notes
Turn   | Place    | Note
-------+----------+-------------------------------------------
     0 | D:1      | Peloso the Minotaur Fighter began the quest for the Orb.
     0 | D:1      | Reached XP level 1. HP: 19/19 MP: 0/0
    72 | D:1      | Reached XP level 2. HP: 24/27 MP: 1/1
   156 | D:1      | Reached skill level 4 in Shields
   275 | D:1      | Reached XP level 3. HP: 31/33 MP: 2/2
   776 | D:2      | Noticed Jessica
   779 | D:2      | Killed Jessica
   779 | D:2      | Reached XP level 4. HP: 36/40 MP: 3/3
   875 | D:2      | Found a shimmering blue altar of Sif Muna.
   875 | D:2      | Found a burning altar of Makhleb.
  1461 | D:3      | Found a faded altar of an unknown god.
  1642 | D:3      | Reached XP level 5. HP: 46/46 MP: 4/4
  1680 | D:3      | Reached skill level 1 in Dodging
  1680 | D:3      | Reached skill level 5 in Shields
  1759 | D:3      | Noticed a hippogriff
  1767 | D:3      | HP: 2/46 [hippogriff (4)]
  1767 | D:3      | Slain by a hippogriff

Levels and vault maps discovered:
D:1:      dpeg_arrival_another_circle, layout_rooms
D:2:      layout_loops_corners, gammafunk_temple_overflow_statue, first_ration,
          uniq_jessica
D:3:      layout_basic, chequers_ecumenical_altar_simple

Skill      XL: |  1  2  3  4  5 |
---------------+----------------+-----
Shields        | 4 5 |  5.1
Long Blades    | 3 4 |  4.5
Armour         | 4 |  4.3
Fighting       | 4 |  4.3
Dodging        | 1 |  1.1
Stealth        | |  0.2

Action                   |  1- 3 |  4- 6 || total
-------------------------+-------+-------++-------
Melee: Long sword        |    99 |    96 ||   195
       Headbutt          |     8 |    17 ||    25
  Use: Potion            |       |     1 ||     1
  Eat: Chunk             |       |     3 ||     3
Armor: Scale mail        |    61 |    65 ||   126
Dodge: Dodged            |    28 |    48 ||    76
Block: Shield            |    74 |    82 ||   156
       Rpst.: Long sword |     6 |    12 ||    18
